 Dungeon Crawl Stone Soup version 0.27-a0-1065-ge809cff456 (webtiles) character file.

Game seed: 6865660843673101890

12217 kae the Grappler (level 11, -1/120 HPs)
             Began as a Pale Draconian Transmuter on Apr 22, 2021.
             Was a High Priest of Ru.
             Slain by a cane toad (20 damage)
             ... on level 1 of the Lair of Beasts.
             The game lasted 00:12:46 (18089 turns).

kae the Grappler (Pale Draconian Transmuter)       Turns: 18089, Time: 00:12:47

Health: -1/120     AC:  7    Str: 14    XL:     11   Next: 59%
Magic:  0/20       EV:  9    Int: 14    God:    Ru [*****.]
Gold:   522        SH:  0    Dex: 11    Spells: 9/22 levels left

rFire    . . .     SeeInvis .     - Unarmed
rCold    . . .     Faith    .   (shield currently unavailable)
rNeg     . . .     Spirit   +   (armour unavailable)
rPois    +         Reflect  .   (helmet currently unavailable)
rElec    .         Harm     .   (cloak currently unavailable)
rCorr    .         Rampage  .   (gloves currently unavailable)
Will     +....                  (boots currently unavailable)
Stlth    +.........             t - amulet of guardian spirit
HPRegen  0.30/turn              a - ring of poison resistance
MPRegen  0.17/turn              i - ring of willpower

@: hydra-form
A: fast swimmer, devour, amphibious, boosted hp, (breathe steam), AC +7, very
large, unfitting armour, clumsy 1, screaming 1, (cold-blooded), inability to use
devices, hated by all, inexperienced 1, (steam resistance)
a: End Transformation, Renounce Religion, Draw Out Power, Power Leap, Apocalypse


You were on level 1 of the Lair of Beasts.
You worshipped Ru.
Ru was extremely pleased with you.
You were a three-headed hydra.
You visited 2 branches of the dungeon, and saw 12 of its levels.
You also visited: Bailey.

You collected 592 gold pieces.
You spent 70 gold pieces at shops.

Inventory:

Hand Weapons
 j - a +1 whip
Armour
 r - a +1 cloak (melded)
Jewellery
 a - a ring of poison resistance (left foreclaw)
 d - an amulet of magic regeneration
 i - a ring of willpower (right foreclaw)
 t - an amulet of guardian spirit (around neck)
 x - a ring of wizardry
 y - a +6 ring of dexterity
Scrolls
 b - 3 scrolls of fear
 c - a scroll of teleportation
 e - a scroll of magic mapping
 f - 3 scrolls of amnesia
 m - a scroll of fog
 v - 2 scrolls of enchant weapon
 w - 3 scrolls of identify
Potions
 g - 3 potions of curing
 h - 3 potions of heal wounds
 k - 3 potions of magic
 l - 3 potions of cancellation
 n - a potion of invisibility
 o - a potion of flight
 p - a potion of might
 q - 3 potions of haste
 s - a potion of brilliance
 u - a potion of attraction


   Skills:
 + Level 7.7 Fighting
 + Level 6.5 Dodging
 * Level 10.3 Unarmed Combat
 - Level 6.0 Spellcasting
 * Level 10.0 Transmutations
 - Level 3.0 Ice Magic
 - Level 3.0 Poison Magic


You had 9 spell levels left.
You knew the following spells:

 Your Spells              Type           Power      Damage    Failure   Level
a - Beastly Appendage     Tmut           64%        N/A       1%          1
b - Spider Form           Tmut/Pois      11%        N/A       3%          3
c - Ice Form              Ice/Tmut       22%        N/A       11%         4
d - Hydra Form            Tmut           16%        N/A       7%          5

Your spell library contained the following spells:

 Spells                   Type           Power      Damage    Failure   Level
 Wereblood                Tmut           32%        N/A       1%          2
 Passwall                 Tmut/Erth      15%        N/A       3%          2
 Sandblast                Erth           8%         2d5       16%         1
 Petrify                  Tmut/Erth      18%        N/A       21%         4
 Stone Arrow              Conj/Erth      8%         3d7       43%         3
 Lee's Rapid Deconstruct  Erth           2%         3d5*      99%         5


Dungeon Overview and Level Annotations

Branches:
Dungeon (11/15)            Temple (0/1) D:6            Lair (1/6) D:9
    Orc (0/2) D:10         Bailey (visited)

Altars:
Cheibriados
Ru
The Shining One

Shops:
D:4 ?   D:6 =   D:11 *

Annotations:
D:5 2 transporters
D:11 1 runed translucent door


Innate Abilities, Weirdness & Mutations

You are a three-headed hydra.
You swim very quickly.
You can devour living enemies to heal.
You are amphibious.
Your maximum health is greatly increased.
Your armour is entirely melded.
You are incapable of wielding weapons or throwing items.
((You can breathe blasts of scalding, opaque steam.))
((Your pale cyan-grey scales are hard. (AC +7)))
You cannot fit into any form of body armour.
You are clumsy. (Dex -2)
You occasionally shout uncontrollably at your foes.
((You are cold-blooded and may be slowed by cold attacks.))
You cannot study or use magical devices.
You are hated by all.
You are somewhat inexperienced. (-2 XL)
((You are immune to the effects of steam.))


Message History

The cane toad is lightly wounded.
You barely miss the cane toad. The cane toad stings you!
The cane toad stings you!!
The bullfrog hits the plant!
You redirect the blink frog's attack!
The cane toad stings the plant!!
The cane toad barely misses you.
You are too injured to fight recklessly!
There are monsters nearby!
You are too injured to fight recklessly!
You are too injured to fight recklessly!
You bite the cane toad!
The cane toad is moderately wounded.
You completely miss the cane toad.
The bullfrog hits the plant.
The cane toad stings you!
The cane toad stings the plant!!
A yak comes into view.
The cane toad stings you.
You focus your inner power and illuminate the cane toad in retribution!
You nip at the cane toad.
The cane toad is lightly wounded.
You bite the cane toad!
The cane toad stings you but does no damage.
The blink frog hits the plant!
The blink frog blinks!
The cane toad stings the plant!
The cane toad completely misses you.
You gouge the cane toad!!
The cane toad is almost dead.
You nip at the cane toad but do no damage.
You bite the blink frog! The cane toad closely misses you.
The blink frog hits you!
* * * LOW HITPOINT WARNING * * *
The blink frog blinks!
The bullfrog hits the plant!
The cane toad stings the plant!!
The blink frog blinks!
A nearby plant withers and dies.
The cane toad stings you!
* * * LOW HITPOINT WARNING * * *
The cane toad closely misses you. x2
You bite the cane toad!
The cane toad is almost dead.
You nip at the cane toad but do no damage.
You bite the cane toad! The cane toad barely misses you.
The cane toad closely misses you. The cane toad stings you!!
You die...

.##..# .# #..#
.... #. .#
#..# # ... #..
.# #..#
.##..##... .#
#.(# .........
...# .YF......
....#
#YYS.....
.....#
#FFF.....
......###D#
......#F.#
#....## ##...#
##.## ### ##.#
##### ##.# ##.
###..###...#
##... ...
#.P........##
#...# ....
#P...........#
##..#


You could see 3 yaks, 3 cane toads, a blink frog, a water moccasin and a
bullfrog.

Vanquished Creatures
  A two-headed ogre (D:9)
  2 orc knights (Bailey)
  A cyclops (D:11)
  Joseph (D:9)
  A cane toad (Lair:1)
  An unseen horror (D:10)
  A troll (D:11)
  2 hornets
  A shadow (D:9)
  Sigmund (D:5)
  5 yaks (D:5)
  A wyvern (D:10)
  Grum (D:8)
  2 steam dragons
  Menkaure (D:4)
  3 water moccasins
  Duvessa (D:5)
  11 orc warriors
  A sky beast (D:8)
  A necrophage (D:6)
  A hornet zombie (D:7)
  5 ogres
  2 centaurs
  3 wolves (D:8)
  A bullfrog (Lair:1)
  2 kobold brigands
  A wyvern zombie (D:7)
  Dowan (D:5)
  A water moccasin zombie (D:5)
  3 wyvern skeletons
  14 killer bees (D:9)
  4 wights (D:9)
  A howler monkey (D:8)
  6 centaur zombies
  3 hounds (D:5)
  12 orc priests
  Crazy Yiuf (D:6)
  A gnoll shaman (D:8)
  2 centaur skeletons
  4 iguanas
  Ijyb (D:5)
  13 orc wizards
  2 killer bee zombies
  2 howler monkey zombies
  A howler monkey skeleton (D:6)
  3 adders
  7 gnolls
  2 shadow imps
  A white imp (D:6)
  An ufetubus (D:6)
  A worm (D:4)
  2 dart slugs
  64 orcs
  6 bats
  8 endoplasms
  A giant cockroach (D:1)
  14 goblins
  14 hobgoblins
  4 jackals (D:5)
  35 kobolds
  3 quokkas
  8 ball pythons
  4 frilled lizards
  4 rats
308 creatures vanquished.

Vanquished Creatures (others)
  2 two-headed ogres (D:11)
  A wight (D:9)
  2 orcs
  2 kobolds
  A plant (Lair:1)
8 creatures vanquished.

Grand Total: 316 creatures vanquished

Notes
Turn   | Place    | Note
-------+----------+-------------------------------------------
     0 | D:1      | kae the Draconian Transmuter began the quest for the Orb.
     0 | D:1      | Reached XP level 1. HP: 16/16 MP: 3/3
   317 | D:1      | Reached XP level 2. HP: 23/23 MP: 3/5
  1077 | D:1      | Reached XP level 3. HP: 25/28 MP: 6/6
  1084 | D:1      | Learned a level 3 spell: Spider Form
  1730 | D:2      | Found a sacrificial altar of Ru.
  1767 | D:2      | Became a worshipper of Ru the Awakened
  2148 | D:2      | Found a faded altar of an unknown god.
  2865 | D:3      | Reached XP level 4. HP: 35/35 MP: 7/7
  2944 | D:3      | Reached skill level 1 in Poison Magic
  3849 | D:3      | Reached XP level 5. HP: 26/41 MP: 8/8
  4002 | D:3      | Gained mutation: You are somewhat inexperienced. (-2 XL)
                  | [Ru sacrifice]
  4002 | D:3      | Reached XP level 4. HP: 36/36 MP: 7/7
  4002 | D:3      | Reached XP level 3. HP: 29/29 MP: 6/6
  4002 | D:3      | Reached * piety under Ru
  4002 | D:3      | Reached ** piety under Ru
  4200 | D:4      | Noticed Menkaure
  4257 | D:4      | Noticed an ogre
  4281 | D:4      | Killed an ogre
  4282 | D:4      | Reached XP level 4. HP: 36/36 MP: 5/8
  4320 | D:4      | Learned a level 4 spell: Ice Form
  4425 | D:4      | Found Diruulall's Magic Scroll Shop.
  4440 | D:4      | Bought a scroll of noise for 14 gold pieces
  4440 | D:4      | Bought a scroll of identify for 28 gold pieces
  4769 | D:4      | Reached XP level 5. HP: 25/42 MP: 6/9
  5205 | D:4      | Noticed an ogre
  5212 | D:4      | Killed an ogre
  5213 | D:4      | Reached XP level 6. HP: 50/50 MP: 8/10
  5889 | D:4      | Killed Menkaure
  5910 | D:5      | Entered Level 5 of the Dungeon
  5951 | D:5      | Found a transporter.
  5952 | D:5      | Noticed a two-headed ogre
  5953 | D:5      | Noticed a shadow
  5953 | D:5      | Noticed a deep elf pyromancer
  5959 | D:5      | Found a transporter.
  5974 | D:5      | Noticed Dowan
  6076 | D:5      | Noticed a water moccasin
  6083 | D:5      | Killed a water moccasin
  6084 | D:5      | Reached skill level 5 in Unarmed Combat
  6084 | D:5      | Your scales start taking on a pale cyan-grey colour.
  6084 | D:5      | Reached XP level 7. HP: 48/57 MP: 9/11
  6084 | D:5      | Gained mutation: You are immune to the effects of steam.
                  | [Pale Draconian growth]
  6310 | D:5      | Noticed a yak
  6311 | D:5      | Noticed a yak
  6311 | D:5      | Noticed a yak
  6311 | D:5      | Noticed a yak
  6319 | D:5      | Killed a yak
  6467 | D:5      | Noticed Sigmund
  6474 | D:5      | Killed Sigmund
  6475 | D:5      | Reached skill level 5 in Transmutations
  6475 | D:5      | Reached XP level 8. HP: 46/66 MP: 11/13
  6672 | D:5      | Noticed Ijyb
  6678 | D:5      | Killed Ijyb
  6756 | D:5      | Gained mutation: You are hated by all. [Ru sacrifice]
  6756 | D:5      | Reached *** piety under Ru
  7256 | D:5      | Found a glowing golden altar of the Shining One.
  7340 | D:5      | Noticed Duvessa
  7355 | D:5      | Killed Duvessa
  7553 | D:5      | Killed Dowan
  7746 | D:6      | Found a staircase to the Ecumenical Temple.
  7824 | D:6      | Reached XP level 9. HP: 45/72 MP: 15/15
  7826 | D:6      | Reached skill level 1 in Ice Magic
  8259 | D:6      | Found Digobrytu's Jewellery Shop.
  8640 | D:6      | Found a runed translucent door.
  8641 | D:6      | Noticed Crazy Yiuf
  8971 | D:6      | Killed Crazy Yiuf
  9201 | D:7      | Reached skill level 5 in Fighting
  9301 | D:7      | Learned a level 5 spell: Hydra Form
  9565 | D:7      | Gained mutation: You occasionally shout uncontrollably at
                  | your foes. [Ru sacrifice]
  9933 | D:8      | Found a flagged portal.
  9965 | D:8      | Reached skill level 5 in Spellcasting
 10064 | Bailey   | Entered a bailey
 10641 | Bailey   | Noticed an orc knight
 10641 | Bailey   | Noticed an orc knight
 10725 | Bailey   | Killed an orc knight
 10726 | Bailey   | Reached skill level 5 in Dodging
 10726 | Bailey   | Reached XP level 10. HP: 83/83 MP: 17/17
 10874 | Bailey   | Killed an orc knight
 11214 | D:8      | Noticed Grum
 11223 | D:8      | Killed Grum
 12276 | D:9      | Noticed Joseph
 12293 | D:9      | Killed Joseph
 12826 | D:9      | Noticed a two-headed ogre
 12830 | D:9      | Killed a two-headed ogre
 12846 | D:9      | Gained mutation: You cannot study or use magical devices.
                  | [Ru sacrifice]
 12846 | D:9      | Reached **** piety under Ru
 12846 | D:9      | Reached ***** piety under Ru
 13096 | D:9      | Found a staircase to the Lair.
 13796 | D:9      | Reached XP level 11. HP: 90/90 MP: 15/20
 13918 | D:10     | Entered Level 10 of the Dungeon
 14612 | D:10     | Found a staircase to the Orcish Mines.
 15505 | D:10     | Paralysed by a hornet for 3 turns
 15808 | D:10     | Gained mutation: You are clumsy. (Dex -2) [Ru sacrifice]
 15835 | D:11     | Noticed a two-headed ogre
 15841 | D:11     | Killed a two-headed ogre
 15983 | D:11     | Found a runed translucent door.
 15989 | D:11     | Noticed a fire crab
 16037 | D:11     | Noticed a two-headed ogre
 16047 | D:11     | Killed a two-headed ogre
 16048 | D:11     | Reached skill level 10 in Unarmed Combat
 16432 | D:11     | Found a snail-covered altar of Cheibriados.
 16640 | D:11     | Found Vuuniyn's General Store.
 16648 | D:11     | Bought a scroll of identify for 28 gold pieces
 17556 | Lair:1   | Entered Level 1 of the Lair of Beasts
 17563 | Lair:1   | Reached skill level 10 in Transmutations
 18089 | Lair:1   | Slain by a cane toad

Illustrated notes

Levels and vault maps discovered:
D:1:      minmay_arrival_shoal_huts, layout_basic,
          chequers_serial_rivers_micro_b
D:2:      layout_basic, shapermc_ecumenical_altar_venn, basic_altar,
          serial_curves, eino_curves_02, eino_curves_04
D:3:      layout_loops_ring
D:4:      layout_basic, serial_shops,
          nicolae_shop_temple_entry_statues_fountains, uniq_menkaure
D:5:      layout_basic, gammafunk_temple_overflow_arena, hangedman_decor_lopped,
          corexii_checkpoint_a, uniq_ijyb, uniq_duvessa, uniq_sigmund
D:6:      layout_gridville, minmay_temple_entry_proselytizer, serial_shops,
          nicolae_shop_stone, uniq_crazy_yiuf_cottage
D:7:      layout_basic
D:8:      layout_loops_cross, enter_bailey_2, uniq_grum
D:9:      layout_loops_cross, lair_entry_dummy, minmay_misc_feat_iff,
          uniq_joseph
D:10:     layout_stronghold, hiddenorc2_lemuel
D:11:     gammafunk_mikee_crab_dinner, layout_basic, serial_shops, shop,
          kennysheep_slug_shrine
Lair:1:   layout_cave_pods, beast_lair_carwin_6

Skill      XL: |  1  2  3  4  5  6  7  8  9 10 11 |
---------------+----------------------------------+-----
Dodging        | 2 3 4 5 6 |  6.5
Poison Magic   | 2 1 3 |  3.0
Transmutations | 3 4 5 6 7 9 10 | 10.0
Fighting       | 2 3 4 5 6 7 |  7.7
Unarmed Combat | 4 5 6 8 9 10 | 10.3
Spellcasting   | 3 4 5 6 |  6.0
Ice Magic      | 3 |  3.0

Action                   |  1- 3 |  4- 6 |  7- 9 | 10-12 || total
-------------------------+-------+-------+-------+-------++-------
Melee: Unarmed           |    81 |    56 |   190 |   328 ||   655
       Kick              |    16 |    18 |       |       ||    34
       Tailslap          |     9 |    12 |     8 |     2 ||    31
       Headbutt          |     8 |    14 |       |       ||    22
       Whip              |    79 |   109 |    41 |    11 ||   240
       Punch             |     1 |     2 |     1 |     2 ||     6
 Cast: Beastly Appendage |    35 |    20 |       |       ||    55
       Spider Form       |     2 |     6 |    14 |       ||    22
       Ice Form          |       |     1 |    20 |    24 ||    45
       Hydra Form        |       |       |       |    20 ||    20
Invok: Sacrifice Experie |     1 |       |       |       ||     1
       Sacrifice Love    |       |       |     1 |       ||     1
       Sacrifice Purity  |       |       |     1 |     1 ||     2
       Sacrifice Artific |       |       |       |     1 ||     1
 Abil: Breathe Steam     |       |       |    20 |     9 ||    29
       End Transformatio |       |       |     2 |       ||     2
Evoke: Wand              |       |       |     2 |       ||     2
  Use: Scroll            |       |    11 |     3 |     6 ||    20
       Potion            |       |       |       |     2 ||     2
 Stab: Sleeping          |     1 |       |       |     1 ||     2
       Invisible         |       |     3 |       |     7 ||    10
       Distracted        |       |       |       |     1 ||     1
Armor: Skin              |    46 |    31 |    48 |   117 ||   242
Dodge: Dodged            |   125 |    99 |   147 |   166 ||   537

Table legend: (Time is in decaauts)
 A = Elapsed time spent in this place.
 B = Non-inter-level travel time spent in this place.
 C = Inter-level travel time spent in this place.
 D = Time resting spent in this place.
 E = Time spent auto-exploring this place.
 F = Levels seen in this place.
 G = Mean time per level.
                   A        B        C        D        E       F      G
               +--------+--------+--------+--------+--------+-----+--------+
         Total |  18022 |  17652 |    370 |   1164 |  14218 |  13 | 1386.3 |
       Dungeon |  16454 |  16084 |    370 |    795 |  13285 |  11 | 1495.8 |
          Lair |    529 |    529 |      0 |      0 |    487 |   1 |  529.0 |
        Bailey |   1038 |   1038 |      0 |    369 |    446 |   1 | 1038.0 |
               +--------+--------+--------+--------+--------+-----+--------+

Top non-repeatable levels by time:
    D:10: 1922 daAuts
     D:4: 1783 daAuts
     D:9: 1754 daAuts
     D:5: 1714 daAuts
     D:3: 1674 daAuts
    D:11: 1628 daAuts
     D:6: 1405 daAuts
     D:1: 1280 daAuts
     D:8: 1278 daAuts
     D:2: 1220 daAuts
  Bailey: 1038 daAuts
     D:7: 791 daAuts
  Lair:1: 529 daAuts
